 Dungeon Crawl Stone Soup version 0.18-a0-1225-g5d63bca (webtiles) character file.

80 ipx the Chopper (level 4, 0/35 HPs)
             Began as a Demonspawn Abyssal Knight on Feb 3, 2016.
             Was a Follower of Lugonu.
             Succumbed to Ijyb's poison
             ... on level 3 of the Dungeon.
             The game lasted 00:07:47 (517 turns).

ipx the Chopper (Demonspawn Abyssal Knight)          Turns: 517, Time: 00:07:47

Health: 0/35       AC: 13    Str: 13    XL:     4   Next: 18%
Magic:  5/5        EV:  2    Int: 14    God:    Lugonu [*.....]
Gold:   21         SH:  3    Dex: 12    Spells: 0 memorised, 3 levels left

rFire  . . .     SeeInvis .     a - +1 hand axe
rCold  . . .     Gourm    .     d - +0 plate armour
rNeg   . . .     Faith    .     g - +0 buckler
rPois  .         Spirit   .     (no helmet)
rElec  .         Dismiss  .     (no cloak)
rCorr  .         Reflect  .     (no gloves)
SustAt .         Harm     .     (no boots)
MR     .....                    (no amulet)
Stlth  ..........               (no ring)
                                (no ring)

@: lethally poisoned (0 -> -26), not resistant to hostile enchantments,
extremely unstealthy
A: slimy green scales 2, spiny 1
a: Depart the Abyss, Renounce Religion


You were on level 3 of the Dungeon.
You worshipped Lugonu.
Lugonu was aware of your devotion.
You were not hungry.

You visited 1 branch of the dungeon, and saw 3 of its levels.
You visited the Abyss 1 time.

You collected 21 gold pieces.

Inventory:

Hand Weapons
 a - a +1 hand axe (weapon)
Missiles
 e - 20 sling bullets
Armour
 d - a +0 plate armour (worn)
 g - a +0 buckler (worn)
Scrolls
 h - a scroll of noise
Comestibles
 f - a slice of pizza
 j - a meat ration
 w - 2 bread rations


   Skills:
 - Level 3.0 Fighting
 + Level 4.1 Axes
 - Level 1.7 Armour
 - Level 0.8 Dodging
 - Level 2.4 Invocations


You had 3 spell levels left.
You didn't know any spells.

Dungeon Overview and Level Annotations

Branches:
Dungeon (3/15)

Altars:


Innate Abilities, Weirdness & Mutations

You are mostly covered in slimy green scales (AC +3).
You are partially covered in sharp spines.


Message History

* * * LOW HITPOINT WARNING * * *
You feel very sick. The orc hits you with a dagger.
* * * LOW HITPOINT WARNING * * *
You hit the orc.
The orc is heavily wounded.
* * * LOW HITPOINT WARNING * * *
You feel very sick. The orc hits you but does no damage.
Your plate armour prevents you from hitting the orc.
The orc is heavily wounded.
* * * LOW HITPOINT WARNING * * *
You feel sick. The orc hits you but does no damage.
The orc is struck by your spines.
You kill the orc!
Lugonu accepts your kill.
You aren't carrying any potions.
Read which item? (? for menu, Esc to quit)
Okay, then.
You die...

... .....#.....†####
...###.........†#
...............#
#.............#
.##.............##
.........#.......#
.......g.#[).....#
.........#.......#
.........####@...#####
...o..................
.##....#..............
#....#..............
#....#..........####
#....##...#.....#
#...#.....#
##..#.....# #..#.....#


There were no monsters in sight!

Vanquished Creatures
  Ijyb (D:3)
  2 adders (D:3)
  An ooze (D:3)
  2 orcs (D:3)
  3 hobgoblins
  8 jackals
  A quokka (D:3)
  4 bats
  A giant newt (D:3)
  2 goblins (D:2)
  3 kobolds
  A rat (D:1)
29 creatures vanquished.

Notes
Turn   | Place    | Note
--------------------------------------------------------------
     0 | Abyss:1  | ipx the Demonspawn Abyssal Knight began the quest for the Orb.
     0 | Abyss:1  | Reached XP level 1. HP: 18/18 MP: 2/2
    21 | D:1      | Escaped the Abyss
   174 | D:3      | Noticed Ijyb
   246 | D:2      | Gained mutation: You are partially covered in slimy green scales (AC +2). [demonic ancestry]
   246 | D:2      | Reached XP level 2. HP: 14/24 MP: 3/3
   278 | D:2      | Reached * piety under Lugonu
   399 | D:3      | Gained mutation: You are partially covered in sharp spines. [demonic ancestry]
   399 | D:3      | Reached XP level 3. HP: 13/29 MP: 4/4
   514 | D:3      | Killed Ijyb
   514 | D:3      | Reached skill level 4 in Axes
   514 | D:3      | Gained mutation: You are mostly covered in slimy green scales (AC +3). [demonic ancestry]
   514 | D:3      | Reached XP level 4. HP: 12/35 MP: 5/5
   517 | D:3      | Succumbed to Ijyb's poison

Vault maps used:
D:1:      nicolae_arrival_memento_mori, hex_medium
D:2:      nicolae_gozag_seed_capital, ecumenical_altar_1
D:3:      trog_eyes_of_draining, first_bread, uniq_crazy_yiuf_cottage,
          uniq_sigmund, uniq_iyjb

Action                   |  1- 3 |  4- 6 || total
-------------------------+-------+-------++-------
Melee: Hand axe          |   108 |     2 ||   110
Invok: Depart the Abyss  |     1 |       ||     1
  Use: Scroll            |     2 |       ||     2
       Potion            |     1 |       ||     1
